 Dungeon Crawl Stone Soup version 0.30-a0-476-g330ca2eb8e (webtiles) character file.

Game seed: 8113001158340515594

35 testman the Covered (level 3, -1/33 HPs)
             Began as an Armataur Fighter on Dec 21, 2022.
             Was a Follower of Elyvilon.
             Succumbed to a kobold's poison
             ... on level 2 of the Dungeon.
             The game lasted 00:02:42 (897 turns).

testman the Covered (Armataur Fighter)               Turns: 897, Time: 00:02:43

Health: -1/33      AC:  8    Str: 23    XL:     3   Next: 16%
Magic:  1/3        EV:  7    Int:  8    God:    Elyvilon [*.....]
Gold:   40         SH:  4    Dex:  9    Spells: 2/2 levels left

rFire   . . .      SeeInvis .    a - +0 flail
rCold   . . .      Faith    .    c - +0 buckler
rNeg    . . .      Spirit   +    b - +0 scale mail
rPois   .          Reflect  .    (no helmet)
rElec   .          Harm     .    (no cloak)
rCorr   .          Roll     +    e - +0 pair of gloves
Will    .....                    (no barding)
Stlth   ..........               m - amulet of guardian spirit
HPRegen 0.25/turn                (no ring)
MPRegen 0.08/turn                (no ring)

@: lethally poisoned (-1 -> -11), hasted, very quick
A: large, rugged brown scales 3, deformed body, armoured tail, roll, long
tongue, awkward tongue
a: Renounce Religion, Purification


You were on level 2 of the Dungeon.
You worshipped Elyvilon.
Elyvilon was aware of your devotion.
You visited 1 branch of the dungeon, and saw 2 of its levels.

You collected 40 gold pieces.

Inventory:

Hand Weapons
 a - a +0 flail (weapon)
Missiles
 f - 5 silver javelins (quivered)
Armour
 b - a +0 scale mail (worn)
 c - a +0 buckler (worn)
 e - a +0 pair of gloves (worn)
Jewellery
 m - an amulet of guardian spirit (around neck)
Scrolls
 h - a scroll of enchant weapon {unknown}
 j - a scroll of silence {unknown}
Potions
 d - a potion of might
 i - a potion of brilliance {unknown}
 k - a potion of curing {unknown}
 l - a potion of invisibility {unknown}


   Skills:
 + Level 3.3 Fighting
 + Level 2.6 Maces & Flails
 - Level 3.6 Armour
 - Level 3.2 Shields


You had 2 spell levels left.
You didn't know any spells.
Your spell library contained the following spells:

 Spells                   Type           Power      Damage    Failure   Level
 Necrotise                Necr           0%         1d4       80%         1
 Blink                    Tloc           0%         N/A       90%         2
 Momentum Strike          Conj/Tloc      0%         3d8       90%         2
 Lesser Beckoning         Tloc           0%         N/A       99%         3
 Vampiric Draining        Necr           0%         2d6       99%         3
 Agony                    Necr           0%         N/A       100%        5


Dungeon Overview and Level Annotations

Branches:
Dungeon (2/15)

Altars:
Elyvilon


Innate Abilities, Weirdness & Mutations

You are completely covered in rugged brown scales. (AC +3, +7% HP)
Armour fits poorly on your strangely shaped body.
You have a long armoured tail.
You roll when moving toward enemies. (Rampage)
Your long tongue fully drains potion bottles. (2x potion effects)
Your tongue gives you trouble enunciating. (1.5x scroll delay)


Message History

You kill the quokka!
The kobold hits you but does no damage.
You are poisoned.
You hit the kobold but do no damage.
You feel very sick. The kobold hits you but does no damage.
You are more poisoned.
You barely miss the kobold.
You feel very sick. The kobold hits you but does no damage.
You are lethally poisoned!
You hit the kobold but do no damage.
You feel very sick. The kobold hits you but does no damage.
You are more poisoned.
The kobold hits you but does no damage.
You are more poisoned.
You are too injured to fight recklessly!
You feel purified! The kobold hits you but does no damage.
You are poisoned.
You barely miss the kobold.
You feel sick. The kobold hits you but does no damage.
You are lethally poisoned!
You closely miss the kobold.
You feel very sick. The kobold hits you but does no damage.
You are more poisoned.
You barely miss the kobold. You tail-slap the kobold.
You kill the kobold!
* * * LOW HITPOINT WARNING * * *
You feel very sick.
* * * LOW HITPOINT WARNING * * *
You feel very sick.
Things that are here:
a +0 dagger of venom; a quokka corpse
Okay, then.
Okay, then.
You slurp down every last drop of the orange potion!
It was a potion of haste.
You feel yourself speed up.
You die...

# ######.# .#
####......#. .#
...........#.#
#...........#
######..### #....#####
#>...@....# #.... ..#
#.####..#.#####.####.#
#..#.........##.#
#..#....~~.......
#~≈##.#~≈≈~####.# #
~≈≈≈#.#≈≈≈~# #.#
.~≈≈≈##'##≈≈≈## #.#
#≈≈≈≈#...#≈≈≈≈# #.#
####
#≈≈≈≈#._.#≈≈≈≈###.#


There were no monsters in sight!

Vanquished Creatures
  5 endoplasms
  3 giant cockroaches (D:1)
  2 goblins (D:1)
  5 hobgoblins (D:1)
  3 kobolds
  3 quokkas
  2 ball pythons
  3 bats (D:1)
  2 frilled lizards
  A rat (D:1)
29 creatures vanquished.

Notes
Turn   | Place    | Note
-------+----------+-------------------------------------------
     0 | D:1      | testman the Armataur Fighter began the quest for the Orb.
     0 | D:1      | Reached XP level 1. HP: 19/19 MP: 1/1
   277 | D:1      | Reached XP level 2. HP: 27/27 MP: 2/2
   808 | D:2      | Reached XP level 3. HP: 33/33 MP: 3/3
   818 | D:2      | Found a faded altar of an unknown god.
   877 | D:2      | Prayed at the altar of an unknown god.
   877 | D:2      | Became a worshipper of Elyvilon the Healer
   877 | D:2      | Reached * piety under Elyvilon
   897 | D:2      | Succumbed to a kobold's poison

Illustrated notes

Levels and vault maps discovered:
D:1:      lightli_arrival_statue_moat, layout_loops_cross
D:2:      layout_loops_ring, basic_altar, nicolae_ecumenical_lake_church,
          minmay_hedge_maze, amcnicky_mini_corridor_feature

Skill      XL: |  1 |
---------------+----+-----
Maces & Flails | 2 |  2.6
Fighting       | 3 |  3.3
Armour         | |  3.6
Shields        | |  3.2

Action                   || total
-------------------------++-------
Melee: Flail             ||    94
       Tailslap          ||     8
Invok: Purification      ||     1
  Use: Potion            ||     1
Armor: Scale mail        ||    46
Dodge: Dodged            ||    35
Block: Buckler           ||    20

Table legend: (Time is in decaauts)
 A = Elapsed time spent in this place.
 B = Non-inter-level travel time spent in this place.
 C = Inter-level travel time spent in this place.
 D = Time resting spent in this place.
 E = Time spent auto-exploring this place.
 F = Levels seen in this place.
 G = Mean time per level.
                   A        B        C        D        E       F      G
               +--------+--------+--------+--------+--------+-----+--------+
         Total |    926 |    902 |     24 |      0 |    648 |   2 |  463.0 |
       Dungeon |    926 |    902 |     24 |      0 |    648 |   2 |  463.0 |
               +--------+--------+--------+--------+--------+-----+--------+

Top non-repeatable levels by time:
     D:1: 815 daAuts
     D:2: 111 daAuts
